 Dungeon Crawl Stone Soup version 0.21.0-24-g2553a33 (webtiles) character file.

1491 wazuzu the Slicer (level 9, -1/51 HPs)
             Began as a Kobold Berserker on Jan 20, 2018.
             Was a Priest of Trog.
             Slain by an unseen horror (2 damage)
             ... on level 5 of the Dungeon.
             The game lasted 00:12:34 (5116 turns).

wazuzu the Slicer (Kobold Berserker)                Turns: 5116, Time: 00:12:35

Health: -1/51      AC:  7    Str: 17    XL:     9   Next: 7%
Magic:  9/9        EV: 12    Int:  9    God:    Trog [***...]
Gold:   315        SH:  5    Dex: 14    Spells: 8/8 levels left

rFire    . . .     SeeInvis .   a - +0 rapier
rCold    . . .     Gourm    .   x - +0 buckler
rNeg     . . .     Faith    .   g - +0 scale mail
rPois    .         Spirit   .   (no helmet)
rElec    .         Reflect  .   (no cloak)
rCorr    .         Harm     .   (no gloves)
MR       .....                  h - +0 pair of boots
Stlth    +++.......             (no amulet)
HPRegen  0.17/turn              (no ring)
MPRegen  0.11/turn              (no ring)

@: about to teleport, berserk cooldown, flying, hasted, invisible, very quick
A: small, carnivore
a: Berserk, Trog's Hand, Burn Spellbooks, Renounce Religion


You were on level 5 of the Dungeon.
You worshipped Trog.
Trog was most pleased with you.
You were very full.

You visited 1 branch of the dungeon, and saw 5 of its levels.

You collected 315 gold pieces.

Inventory:

Hand Weapons
 a - a +0 rapier (weapon)
Missiles
 e - 30 bolts
 o - a throwing net (quivered)
Armour
 g - a +0 scale mail (worn)
 h - a +0 pair of boots (worn)
 x - a +0 buckler (worn)
Wands
 u - a wand of enslavement (11)
 v - a wand of digging (5)
Scrolls
 b - 2 scrolls of random uselessness {unknown}
 d - a scroll of remove curse
 f - a scroll of teleportation
 l - a scroll of fog {unknown}
 m - a scroll of immolation {unknown}
 r - a scroll of blinking
 t - 2 scrolls of identify
 y - a scroll of enchant armour {unknown}
Potions
 i - a potion of magic {unknown}
 j - a potion of agility
 k - 2 potions of flight
 n - a potion of berserk rage
 p - a potion of haste
 s - a potion of degeneration {unknown}
 w - a potion of might {unknown}
Comestibles
 c - 12 rations


   Skills:
 - Level 3.2 Fighting
 + Level 10.2 Short Blades
 - Level 1.5 Armour
 - Level 2.4 Dodging
 + Level 10.1 Stealth
 + Level 2.1 Shields


You had 8 spell levels left.
You didn't know any spells.

Dungeon Overview and Level Annotations

Branches:
Dungeon (5/15)             Temple (0/1) D:5

Altars:
Qazlal
Xom


Innate Abilities, Weirdness & Mutations

You are small and have problems with some larger weapons.
You are carnivorous and can eat meat at any time.


Message History

You see here a scroll labeled UDIMEUHAFFU.
Okay, then.
l - a scroll labeled UDIMEUHAFFU You feel yourself speed up.
Something hits you.
* * * LOW HITPOINT WARNING * * *
Something hits you.
* * * LOW HITPOINT WARNING * * *
Something hits you but does no damage.
There is an open door, spattered with blood here.
As you read the scroll of teleportation, it crumbles to dust.
You feel strangely unstable.
Your skin stops crawling.
You feel less resistant to hostile enchantments.
Something hits you.
* * * LOW HITPOINT WARNING * * *
It was a potion of invisibility.
You fade into invisibility!
Something hits you.
You die...

............###........###.#...
########.....# #......### #.#.##
#.......>....####.###.# #.#
#.####)#).###..... #.. ..#
.....#)...#.##################
...........#.#/)$#.....#.....#.
............#.#†}.#.....#.....#.
..............#.()#..#..#..#..#.
#.#######)#.###@###..#..#..#..#.
#. #.#.# #......#.....#....
#.#.###......#.....#....
#.#...################## ###
#.#.#................... . ..#
#.#.#................... .# #.#
#.#################### .# #.#
.#<# #.....#.... .# #.# #.#.#
#.....#....


There were no monsters in sight!

Vanquished Creatures
  A manticore (D:5)
  The ghost of Phong the Cutter, an amateur KoEn (D:3)
  Duvessa (D:5)
  2 phantoms
  An ogre (D:4)
  Dowan (D:5)
  A scorpion (D:2)
  2 crimson imps (D:5)
  An orc priest (D:5)
  2 hounds (D:5)
  2 orc wizards (D:5)
  An iguana (D:4)
  Natasha (thrice) (D:3)
  A worker ant (D:5)
  3 gnolls (D:5)
  6 adders
  3 oozes
  A worm (D:3)
  3 dart slugs
  2 leopard geckos (D:1)
  8 orcs
  8 bats
  7 giant cockroaches
  9 goblins
  5 hobgoblins
  5 quokkas
  8 frilled lizards
  A giant cockroach zombie (D:5)
  6 kobolds
  11 rats
106 creatures vanquished.

Notes
Turn   | Place    | Note
-------+----------+-------------------------------------------
     0 | D:1      | wazuzu the Kobold Berserker began the quest for the Orb.
     0 | D:1      | Reached XP level 1. HP: 14/14 MP: 1/1
    52 | D:1      | Reached skill level 1 in Stealth
    85 | D:1      | Reached XP level 2. HP: 16/19 MP: 2/2
   221 | D:1      | Reached XP level 3. HP: 12/23 MP: 3/3
   616 | D:1      | Reached ** piety under Trog
   767 | D:1      | Reached skill level 5 in Short Blades
  1142 | D:2      | Noticed a scorpion
  1151 | D:2      | Killed a scorpion
  1151 | D:2      | Reached XP level 4. HP: 28/28 MP: 4/4
  1246 | D:2      | Reached XP level 5. HP: 32/32 MP: 5/5
  2147 | D:3      | Reached *** piety under Trog
  2179 | D:3      | Noticed Phong's ghost (amateur KoEn)
  2180 | D:3      | Noticed Natasha
  2190 | D:3      | Killed Natasha
  2190 | D:3      | Reached skill level 5 in Stealth
  2206 | D:3      | Killed Phong's ghost
  2206 | D:3      | Reached XP level 6. HP: 37/37 MP: 6/6
  2276 | D:3      | Noticed Natasha
  2292 | D:3      | Killed Natasha
  2292 | D:3      | Reached XP level 7. HP: 41/41 MP: 7/7
  2356 | D:3      | Noticed Natasha
  2362 | D:3      | Killed Natasha
  2656 | D:4      | Found a stormy altar of Qazlal.
  3606 | D:5      | Entered Level 5 of the Dungeon
  4013 | D:5      | Found a staircase to the Ecumenical Temple.
  4064 | D:5      | Reached XP level 8. HP: 46/46 MP: 8/8
  4073 | D:5      | Got a twisted mace
  4103 | D:5      | Identified the +4 mace "Joits" {venom, Int+3} (You found it on level 5 of the Dungeon)
  4160 | D:5      | Noticed Duvessa
  4160 | D:5      | Noticed Dowan
  4174 | D:5      | Killed Dowan
  4185 | D:5      | Killed Duvessa
  4467 | D:5      | Found a shimmering altar of Xom.
  5059 | D:5      | Reached **** piety under Trog
  5073 | D:5      | Noticed a manticore
  5082 | D:5      | Killed a manticore
  5082 | D:5      | Reached skill level 10 in Short Blades
  5082 | D:5      | Reached skill level 10 in Stealth
  5082 | D:5      | Reached skill level 1 in Shields
  5082 | D:5      | Reached XP level 9. HP: 42/51 MP: 9/9
  5115 | D:5      | HP: 1/51 [something (6)]
  5116 | D:5      | Slain by an unseen horror

Skill      XL: |  1  2  3  4  5  6  7  8  9 |
---------------+----------------------------+-----
Stealth        | 1 2 3 4 6 8 10 | 10.1
Short Blades   | 5 7 8 10 | 10.2
Shields        | 1 2 |  2.1
Fighting       | |  3.2
Armour         | |  1.5
Dodging        | |  2.4

Action                   |  1- 3 |  4- 6 |  7- 9 || total
-------------------------+-------+-------+-------++-------
Melee: Short sword       |   133 |   150 |   162 ||   445
       Rapier            |       |       |    89 ||    89
Invok: Berserk           |     1 |     5 |     5 ||    11
       Trog's Hand       |       |       |     2 ||     2
Evoke: Wand              |       |       |     1 ||     1
  Use: Scroll            |       |     5 |     3 ||     8
       Potion            |       |       |     5 ||     5
 Stab: Sleeping          |     1 |       |     3 ||     4
  Eat: Chunk             |     8 |     9 |    13 ||    30
Armor: Animal skin       |    17 |       |       ||    17
       Scale mail        |    10 |    33 |    48 ||    91
Dodge: Dodged            |   106 |    77 |    99 ||   282
Block: Buckler           |       |       |    11 ||    11
